 Dungeon Crawl Stone Soup version 0.30-a0-949-g53dc5368d7 (webtiles) character file.

Game seed: 8178631923124766048

46286 Newt the Champion of Chaos (level 14, -1/110 HPs)
             Began as a Demonspawn Gladiator on Mar 27, 2023.
             Was the Champion of Makhleb.
             Slain by a seven-headed hydra (4 damage)
             ... on level 5 of the Lair of Beasts.
             The game lasted 00:22:34 (15936 turns).

Newt the Champion of Chaos (Demonspawn Gladiator)  Turns: 15936, Time: 00:22:34

Health: -1/110     AC:  9    Str: 20    XL:     14   Next: 4%
Magic:  26/26      EV: 17    Int:  9    God:    Makhleb [******]
Gold:   1106       SH:  5    Dex: 20    Spells: 13/13 levels left

rFire   + . .      SeeInvis .    B - +9 quick blade of the Elven Halls {venom, Will+ rCorr Str+3}
rCold   + . .      Faith    .    (no shield)
rNeg    . . .      Spirit   .    b - +0 leather armour
rPois   .          Reflect  +    c - +1 helmet
rElec   .          Rampage  .    l - scarf {rC+ rF+}
rCorr   +                        (no gloves)
Will    ++...                    (no boots)
Stlth   +++++                    g - amulet of reflection
HPRegen 0.38/turn                q - +4 ring of protection
MPRegen 0.20/turn                E - ring of flight

@: flying
A: claws 1, thin skeletal structure 1, foul stench 2, powered by death 3
a: Renounce Religion, Minor Destruction, Lesser Servant of Makhleb, Major
Destruction, Greater Servant of Makhleb


You were on level 5 of the Lair of Beasts.
You worshipped Makhleb.
Makhleb was exalted by your worship.
You visited 3 branches of the dungeon, and saw 15 of its levels.

You collected 1106 gold pieces.

Inventory:

Hand Weapons
 a - a +0 rapier
 k - a +4 vampiric short sword
 y - the +8 dagger "Ogrebane" {venom, MP+9 Str+5 Int+3 Dex-3}
   (You found it on level 5 of the Dungeon)

   Str:       It affects your strength (+5).
   Int:       It affects your intelligence (+3).
   Dex:       It affects your dexterity (-3).
   MP:        It affects your magic capacity (+9).
 B - the +9 quick blade of the Elven Halls (weapon) {venom, Will+ rCorr Str+3}
   (You acquired it on level 8 of the Dungeon)

   Str:       It affects your strength (+3).
   rCorr:     It protects you from acid and corrosion.
   Will:      It increases your willpower.
Missiles
 d - 2 throwing nets (quivered)
 v - 12 poisoned darts
 w - 6 javelins
 N - 6 curare-tipped darts
Armour
 b - a +0 leather armour (worn)
 c - a +1 helmet (worn)
 l - a scarf of resistance (worn)
 m - a +0 cloak
 V - a +0 chain mail of willpower
Jewellery
 g - an amulet of reflection (around neck)
 q - a +4 ring of protection (left claw)
 E - a ring of flight (right claw)
 T - the amulet "Cusuod" {Faith rElec rN+ Will+ Int+3}
   (You found it on level 4 of the Lair of Beasts)

   [amulet of faith]

   It allows you to gain divine favour quickly.
   Int:       It affects your intelligence (+3).
   rElec:     It insulates you from electricity.
   rN:        It protects you from negative energy.
   Will:      It increases your willpower.
 U - a ring of protection from fire
Wands
 t - a wand of light (6)
 F - a wand of charming (8)
 L - a wand of iceblast (3)
 O - a wand of mindburst (7)
 Q - a wand of digging (4)
 R - a wand of flame (17)
Scrolls
 p - a scroll of poison
 r - 2 scrolls of immolation
 s - 3 scrolls of enchant weapon
 x - a scroll of teleportation
 A - a scroll of silence
 G - 2 scrolls of brand weapon
 H - a scroll of butterflies
 I - 3 scrolls of identify
 J - a scroll of magic mapping
 K - a scroll of vulnerability
Potions
 e - 2 potions of might
 f - 6 potions of curing
 h - 3 potions of attraction
 i - 2 potions of resistance
 j - 2 potions of brilliance
 n - 2 potions of magic
 o - 4 potions of degeneration
 u - a potion of invisibility {unknown}
 C - 2 potions of mutation
 D - a potion of lignification
 M - 2 potions of haste
 P - a potion of cancellation
 S - a potion of flight


   Skills:
 - Level 10.0 Fighting
 - Level 9.1 Short Blades
 - Level 5.0 Throwing
 - Level 4.0 Armour
 - Level 8.0 Dodging
 - Level 10.0 Stealth
 + Level 17.7 Invocations
 - Level 6.0 Evocations


You had 13 spell levels left.
You didn't know any spells.
Your spell library contained the following spells:

 Spells                   Type           Power      Damage    Failure   Level
 Apportation              Tloc           0%         N/A       43%         1
 Necrotise                Necr           0%         1d4       43%         1
 Sting                    Tmut/Pois      0%         1d3       43%         1
 Summon Small Mammal      Summ           0%         N/A       43%         1
 Blink                    Tloc           0%         N/A       56%         2
 Poisonous Vapours        Pois/Air       0%         N/A       56%         2
 Frozen Ramparts          Ice            0%         1d1       80%         3
 Gell's Gravitas          Tloc           0%         N/A       80%         3
 Kindle Blastsparks       Fire/Tloc/Air  0%         2d10      80%         3
 Ozocubu's Armour         Ice            0%         N/A       80%         3
 Portal Projectile        Hex/Tloc       0%         N/A       80%         3
 Teleport Other           Tloc           0%         N/A       80%         3
 Vhi's Electric Charge    Tloc/Air       0%         N/A       80%         3
 Fulminant Prism          Conj/Hex       0%         3d5       99%         4
 Ice Form                 Ice/Tmut       0%         N/A       99%         4
 Iskenderun's Mystic Bla  Conj/Tloc      0%         2d3       99%         4
 Olgreb's Toxic Radiance  Pois           0%         N/A       99%         4
 Passage of Golubria      Tloc           0%         N/A       99%         4
 Summon Ice Beast         Ice/Summ       0%         N/A       99%         4
 Lee's Rapid Deconstruct  Erth           0%         3d4*      100%        5
 Metabolic Englaciation   Hex/Ice        0%         N/A       100%        5
 Silence                  Hex/Air        0%         N/A       100%        5
 Dispersal                Tloc           0%         N/A       100%        6
 Simulacrum               Ice/Necr       0%         N/A       100%        6
 Lehudib's Crystal Spear  Conj/Erth      0%         10d2      100%        8


Dungeon Overview and Level Annotations

Branches:
Dungeon (9/15)             Temple (1/1) D:5            Lair (4/5) D:9
 Shoals (0/4) Lair:3       Spider (0/4) Lair:3
  Slime: Lair:4-5       Orc: D:9-12

Altars:
Cheibriados
Dithmenos
Fedhas
Makhleb
Nemelex Xobeh
Qazlal
Vehumet
Wu Jian


Innate Abilities, Weirdness & Mutations

You have sharp fingernails.
You have a somewhat thin skeletal structure. (Dex +2, Stealth+)
You sometimes emit foul miasma when damaged in melee.
You regenerate a lot of health from kills.


Message History

Your blizzard demon waves its arms in wide circles.
The air twists around and strikes the eight-headed hydra!!
The eight-headed hydra dies!
Makhleb accepts your kill.
There is an open door here.
Unknown command.
Unknown command.
You start resting.
A seven-headed hydra comes into view.
A seven-headed hydra is nearby!
A seven-headed hydra is nearby!
You start resting.
A seven-headed hydra is nearby!
A seven-headed hydra is nearby!
A seven-headed hydra is nearby!
Your blizzard demon gestures at the seven-headed hydra.
The bolt of cold hits the seven-headed hydra!!
The seven-headed hydra bites you but does no damage.
The seven-headed hydra bites you!
* * * LOW HITPOINT WARNING * * *
You emit a cloud of foul miasma!
The seven-headed hydra misses you. The seven-headed hydra bites you.
* * * LOW HITPOINT WARNING * * *
The seven-headed hydra bites you.
* * * LOW HITPOINT WARNING * * *
The seven-headed hydra bites you but does no damage.
The seven-headed hydra bites you!
* * * LOW HITPOINT WARNING * * *
Your blizzard demon gestures at the seven-headed hydra.
The bolt of cold misses the seven-headed hydra.
There is an open door, spattered with blood here.
Unknown command.
The seven-headed hydra attacks as you move away!
The seven-headed hydra closely misses you.
The seven-headed hydra bites you but does no damage.
The seven-headed hydra bites you.
* * * LOW HITPOINT WARNING * * *
The seven-headed hydra completely misses you.
The seven-headed hydra bites you.
You die...

...................
##..#...†..†..P...#
#..###...###....###
####...##..†.#.†P.....
#......#....#..†......
##....##....##.....P..
#.....'.'....##.....#.
#.....##....###...##..
###.2@###...##...####.
##D...#.....#..# #.
#..†#'............ ..
......................
.
......................
.......................
................
...P..##.#...... ....##
#.....#


You could see a seven-headed hydra (ally target) and a friendly blizzard demon
(summoned).

Vanquished Creatures
  2 hydras
  9 death yaks
  Urug (Lair:5)
  3 skysharks
  2 harpies (Lair:3)
  2 black mambas (Lair:5)
  6 elephants (Lair:5)
  12 cane toads
  A torpor snail (Lair:5)
  2 rime drakes
  7 komodo dragons
  A troll (D:8)
  5 polar bears
  13 hornets
  12 blink frogs
  Grinder (D:6)
  4 dream sheep (Lair:5)
  Sigmund (D:6)
  A culicivora (Lair:3)
  A slime creature (Lair:2)
  A jumping spider (Lair:3)
  13 spriggans (Lair:5)
  5 wyverns
  3 basilisks
  A steam dragon (Lair:4)
  31 yaks
  Menkaure (D:6)
  An acid dragon (D:9)
  11 water moccasins
  Duvessa (D:7)
  6 orc warriors
  3 ice beasts
  5 black bears (Lair:5)
  An ogre (D:5)
  3 boggarts (Lair:5)
  2 sky beasts
  28 wolves
  A kobold brigand (D:8)
  Blork the orc (D:4)
  7 bullfrogs
  3 scorpions
  Dowan (D:7)
  3 wights (D:8)
  5 killer bees (D:7)
  3 electric eels (D:9)
  5 howler monkeys
  5 jellies
  11 orc priests
  2 sleepcaps
  A gnoll bouda (D:6)
  2 iguanas (D:5)
  10 orc wizards
  12 gnolls
  2 adders
  A shadow imp (D:8)
  4 white imps
  6 worms
  4 dart slugs
  50 orcs
  5 ball pythons
  3 bats
  25 endoplasms
  5 giant cockroaches
  8 hobgoblins
  13 jackals
  4 quokkas
  3 frilled lizards
  6 goblins
  8 kobolds
  7 rats
428 creatures vanquished.

Vanquished Creatures (collateral kills)
  A hydra (Lair:5)
  5 death yaks
  2 blink frogs (Lair:5)
  2 yaks
  A water moccasin (Lair:4)
  A boggart (Lair:5)
  3 wolves (Lair:5)
15 creatures vanquished.

Vanquished Creatures (others)
  An orc (D:5)
  2 bushes
  67 fungi
  42 plants
112 creatures vanquished.

Grand Total: 555 creatures vanquished

Notes
Turn   | Place    | Note
-------+----------+-------------------------------------------
     0 | D:1      | Newt the Demonspawn Gladiator began the quest for the Orb.
     0 | D:1      | Reached XP level 1. HP: 16/16 MP: 1/1
   175 | D:1      | Reached skill level 1 in Stealth
   189 | D:1      | Gained mutation: You may rarely emit foul miasma when
                  | damaged in melee. [demonic ancestry]
   189 | D:1      | Reached XP level 2. HP: 13/22 MP: 2/2
   942 | D:1      | Gained mutation: You regenerate a little health from kills.
                  | [demonic ancestry]
   942 | D:1      | Reached XP level 3. HP: 27/29 MP: 3/3
  1194 | D:2      | Found a burning altar of Makhleb.
  1216 | D:2      | Became a worshipper of Makhleb the Destroyer
  1906 | D:3      | Reached XP level 4. HP: 34/37 MP: 4/4
  2120 | D:3      | Reached * piety under Makhleb
  2336 | D:4      | Noticed Blork the orc
  2347 | D:4      | Killed Blork the orc
  2348 | D:4      | Reached skill level 5 in Fighting
  2348 | D:4      | Gained mutation: You sometimes emit foul miasma when
                  | damaged in melee. [demonic ancestry]
  2348 | D:4      | Reached XP level 5. HP: 44/44 MP: 5/5
  2837 | D:4      | Gained mutation: You have a somewhat thin skeletal
                  | structure. (Dex +2, Stealth+) [demonic ancestry]
  2837 | D:4      | Reached XP level 6. HP: 51/51 MP: 6/6
  2966 | D:4      | Found a shadowy altar of Dithmenos.
  3161 | D:4      | Reached ** piety under Makhleb
  3610 | D:5      | Entered Level 5 of the Dungeon
  3628 | D:5      | Reached skill level 5 in Short Blades
  3807 | D:5      | Identified the +8 dagger "Ogrebane" {venom, MP+9 Str+5
                  | Int+3 Dex-3}
  4259 | D:5      | Found a staircase to the Ecumenical Temple.
  4262 | D:5      | Gained mutation: You regenerate health from kills. [demonic
                  | ancestry]
  4262 | D:5      | Reached XP level 7. HP: 56/56 MP: 7/7
  4928 | D:6      | Noticed Grinder
  4942 | D:6      | Killed Grinder
  5248 | D:6      | Noticed Menkaure
  5255 | D:6      | Killed Menkaure
  5256 | D:6      | Gained mutation: You have sharp fingernails. [demonic
                  | ancestry]
  5256 | D:6      | Reached XP level 8. HP: 50/62 MP: 8/8
  5348 | D:6      | Reached skill level 1 in Evocations
  5570 | D:6      | Noticed Sigmund
  5582 | D:6      | Killed Sigmund
  6038 | D:7      | Reached *** piety under Makhleb
  6215 | D:7      | Noticed Dowan
  6217 | D:7      | Noticed Duvessa
  6235 | D:7      | Killed Duvessa
  6236 | D:7      | Reached skill level 5 in Evocations
  6258 | D:7      | Killed Dowan
  6489 | D:7      | Gained mutation: You regenerate a lot of health from kills.
                  | [demonic ancestry]
  6489 | D:7      | Reached XP level 9. HP: 54/68 MP: 9/9
  6615 | D:7      | Found a burning altar of Makhleb.
  6692 | D:7      | Reached skill level 5 in Throwing
  7300 | D:8      | Identified a scroll of acquirement
  7300 | D:8      | Acquired the +9 quick blade of the Elven Halls {venom,
                  | Will+ rCorr Str+3}
  7415 | D:8      | Found a blossoming altar of Fedhas.
  7473 | D:8      | Noticed a troll
  7500 | D:8      | Killed a troll
  7617 | D:8      | Reached **** piety under Makhleb
  7900 | D:8      | Reached XP level 10. HP: 72/74 MP: 10/10
  8451 | D:9      | Found a staircase to the Lair.
  9463 | Temple   | Entered the Ecumenical Temple
  9557 | Lair:1   | Entered Level 1 of the Lair of Beasts
  9601 | Lair:1   | Noticed a cane toad
  9602 | Lair:1   | Paralysed by a hornet for 2 turns
 10020 | Lair:1   | Killed a cane toad
 10021 | Lair:1   | Reached skill level 10 in Fighting
 10066 | Lair:1   | Reached XP level 11. HP: 66/90 MP: 11/11
 10080 | Lair:1   | Reached skill level 5 in Dodging
 10705 | Lair:1   | Noticed a death yak
 10706 | Lair:1   | Noticed a death yak
 10706 | Lair:1   | Noticed a death yak
 10706 | Lair:1   | Noticed a death yak
 10706 | Lair:1   | Noticed a death yak
 10748 | Lair:1   | Killed a death yak
 10753 | Lair:1   | Killed a death yak
 10755 | Lair:1   | Killed a death yak
 10761 | Lair:1   | Killed a death yak
 10761 | Lair:1   | Reached ***** piety under Makhleb
 10762 | Lair:1   | Reached skill level 2 in Invocations
 11217 | Lair:2   | Reached skill level 3 in Invocations
 11314 | Lair:2   | Reached skill level 4 in Invocations
 11332 | Lair:2   | Reached skill level 5 in Invocations
 11522 | Lair:2   | Reached skill level 6 in Invocations
 12192 | Lair:2   | Killed a death yak
 12193 | Lair:2   | Reached skill level 7 in Invocations
 12654 | Lair:2   | Reached skill level 8 in Invocations
 12847 | Lair:3   | Reached skill level 9 in Invocations
 12914 | Lair:3   | Reached XP level 12. HP: 87/97 MP: 17/19
 12935 | Lair:3   | Reached skill level 10 in Invocations
 13102 | Lair:3   | Reached skill level 11 in Invocations
 13297 | Lair:3   | Found a staircase to the Shoals.
 13306 | Lair:3   | Reached skill level 12 in Invocations
 13571 | Lair:3   | Reached skill level 13 in Invocations
 13732 | Lair:3   | Found a hole to the Spider Nest.
 14159 | Lair:4   | Identified the amulet "Cusuod" {Faith rElec rN+ Will+
                  | Int+3}
 14190 | Lair:4   | HP: 4/97 [skyshark (12)]
 14198 | Lair:4   | Reached skill level 14 in Invocations
 14574 | Lair:4   | Noticed a five-headed hydra
 14587 | Lair:4   | Killed a five-headed hydra
 14588 | Lair:4   | Reached skill level 15 in Invocations
 14625 | Lair:4   | Noticed a death yak
 14625 | Lair:4   | Noticed a death yak
 14626 | Lair:4   | Noticed a death yak
 14627 | Lair:4   | Noticed a death yak
 14629 | Lair:4   | Noticed a death yak
 14630 | Lair:4   | Noticed a death yak
 14649 | Lair:4   | Killed a death yak
 14657 | Lair:4   | Killed a death yak
 14666 | Lair:4   | Killed a death yak
 14667 | Lair:4   | Killed a death yak
 14668 | Lair:4   | Reached skill level 5 in Stealth
 14678 | Lair:4   | Killed a death yak
 14679 | Lair:4   | Reached XP level 13. HP: 32/103 MP: 24/24
 14778 | Lair:4   | You are sucked into a shaft and drop 1 floor!
 14778 | Lair:5   | Entered Level 5 of the Lair of Beasts
 14903 | Lair:5   | Got the Compendium of the Jaunt
 14939 | Lair:5   | Paralysed by a hornet for 1 turns
 15196 | Lair:5   | Reached ****** piety under Makhleb
 15231 | Lair:5   | Reached skill level 10 in Stealth
 15345 | Lair:5   | Noticed Urug
 15361 | Lair:5   | Killed Urug
 15377 | Lair:5   | Reached skill level 16 in Invocations
 15708 | Lair:5   | Reached skill level 17 in Invocations
 15835 | Lair:5   | HP: 4/103 [yak[a torpor snail] (10)]
 15855 | Lair:5   | Reached XP level 14. HP: 67/110 MP: 26/26
 15936 | Lair:5   | HP: 3/110 [seven-headed hydra (4)]
 15936 | Lair:5   | Slain by a seven-headed hydra

Illustrated notes

Levels and vault maps discovered:
D:1:      elethiomel_arrival_maze, layout_basic
D:2:      layout_basic, basic_altar
D:3:      layout_basic
D:4:      layout_basic, mainiacjoe_overflow_alcove_1, uniq_blork_the_orc
D:5:      layout_layer_cave, minmay_temple_entry_proselytizer
D:6:      layout_loops_corners, uniq_sigmund, uniq_menkaure, uniq_grinder
D:7:      layout_layer_cave, mainiacjoe_overflow_cross_hatched,
          minmay_misc_feat_enclosed, amcnicky_mini_rare_corridor_liquid,
          uniq_duvessa
D:8:      layout_basic, overflow_temple_1_default, special_room
          [special_room_orc], grunt_tough_drop
D:9:      layout_roguey, hellmonk_lair_entry_icy, serial_bayou_lagoon_b
Temple:   hellmonk_temple_two_chambers
Lair:1:   layout_chaotic_city, dreamdust_wasp_nest
Lair:2:   lemuel_slime, layout_layer_cave
Lair:3:   layout_cave_pods, nicolae_shoals_entry_roost,
          spider_nest_entry_funnel_web, beast_lair_carwin_10
Lair:4:   layout_small_grid, fungi_pond_lemuel, minivault_23, minmay_hedge_maze,
          chequers_serial_rivers_room_b, beast_lair_carwin_11,
          grunt_megastairs_2, lemuel_fruit_tree
Lair:5:   minmay_lair_end_enchanted_forest, layout_regular_city, slime_entry_1,
          serial_bayou_shore_b, uniq_urug

Skill      XL: |  1  2  3  4  5  6  7  8  9 10 11 12 13 |
---------------+----------------------------------------+-----
Stealth        | 1 2 5 10 | 10.0
Fighting       | 3 5 10 | 10.0
Short Blades   | 3 4 5 6 9 |  9.1
Dodging        | 4 8 |  8.0
Armour         | 3 4 |  4.0
Evocations     | 6 |  6.0
Throwing       | 3 5 |  5.0
Invocations    | 9 15 17 | 17.7

Action                     |  1- 3 |  4- 6 |  7- 9 | 10-12 | 13-15 || total
---------------------------+-------+-------+-------+-------+-------++-------
  Melee: Rapier            |    58 |       |       |       |       ||    58
         Punch             |     1 |     5 |     6 |     7 |    15 ||    34
         Short sword       |    76 |   201 |       |       |       ||   277
         Dagger            |       |    15 |   206 |       |       ||   221
         Quick blade       |       |       |   180 |   922 |   599 ||  1701
  Throw: Javelin           |       |     3 |       |       |       ||     3
         Throwing net      |       |     1 |       |       |       ||     1
 Invoke: Major Destruction |       |       |       |     2 |     1 ||     3
         Greater Servant o |       |       |       |     1 |     2 ||     3
  Evoke: Wand              |       |       |     1 |    10 |     5 ||    16
    Use: Scroll            |     6 |     6 |     8 |     5 |     1 ||    26
         Potion            |     3 |     1 |       |     5 |     1 ||    10
   Stab: Sleeping          |     6 |     5 |     5 |     7 |     3 ||    26
         Invisible         |       |       |     1 |       |     2 ||     3
         Distracted        |       |       |     2 |       |       ||     2
 Armour: Leather armour    |    22 |    45 |    79 |    87 |    90 ||   323
  Dodge: Dodged            |    65 |    89 |   168 |   262 |   297 ||   881
  Block: Other             |    14 |    34 |    62 |    87 |    80 ||   277
         Reflection        |     1 |     1 |       |       |       ||     2

Table legend: (Time is in decaauts)
 A = Elapsed time spent in this place.
 B = Non-inter-level travel time spent in this place.
 C = Inter-level travel time spent in this place.
 D = Time resting spent in this place.
 E = Time spent auto-exploring this place.
 F = Levels seen in this place.
 G = Mean time per level.
                   A        B        C        D        E       F      G
               +--------+--------+--------+--------+--------+-----+--------+
         Total |  14703 |  14000 |    703 |   2616 |   9080 |  15 |  980.2 |
       Dungeon |   9238 |   8618 |    620 |   1061 |   6222 |   9 | 1026.4 |
        Temple |      1 |      0 |      1 |      0 |      0 |   1 |    1.0 |
          Lair |   5463 |   5382 |     81 |   1555 |   2858 |   5 | 1092.6 |
               +--------+--------+--------+--------+--------+-----+--------+

Top non-repeatable levels by time:
  Lair:1: 1514 daAuts
  Lair:2: 1470 daAuts
  Lair:3: 1397 daAuts
     D:5: 1288 daAuts
     D:4: 1256 daAuts
     D:7: 1237 daAuts
     D:6: 1196 daAuts
     D:1: 1191 daAuts
     D:9: 980 daAuts
     D:8: 961 daAuts
  Lair:5: 749 daAuts
     D:2: 674 daAuts
     D:3: 449 daAuts
  Lair:4: 330 daAuts
  Temple: 1 daAuts
